AoeStats
← makoto11037090411

Arabia

510528467Analyzed
1v1 RM · 1d ago on Oct 1, 2026· 56m 6s· 2 players
Game mode
Random Map
Map size
Tiny (2 player)
Population
200
Speed
Normal
Resources
Standard
Victory
Conquest
Starting age
Dark Age
Ending age
Imperial Age
RankedLock teamsTeams togetherTeam positionsShared explorationLock speedFull tech treeHidden civsTurbo modeCheats
Victory
Defeat
🇨🇳 Goths · China
1402
+15
🇮🇳 Persians · India
1381
-15
望舒芷若映月
8:52 Loom
11:05 Feudal Age
11:50 Town Watch
16:38 Fletching
17:25 Padded Archer Armor
19:42 Padded Archer Armor
22:48 Scale Barding Armor
26:14 Castle Age
24:39 Forging
24:44 Horse Collar
28:03 Chain Barding Armor
29:25 Iron Casting
30:10 Husbandry
35:13 Bodkin Arrow
40:48 Ballistics
45:57 Imperial Age
45:47 Masonry
45:32 Murder Holes
46:54 Plate Barding Armor
45:44 Cavalier
46:46 Bloodlines
46:57 Gold Mining
46:57 Stone Mining
48:14 Blast Furnace
48:22 Chemistry
48:36 Conscription
53:53 Leather Archer Armor
54:39 Elite Skirmisher
makoto11037090411
0:34 Loom
8:57 Feudal Age
9:44 Feudal Age
9:46 Man-at-Arms
10:16 Double-Bit Axe
13:37 Scale Mail Armor
14:58 Fletching
17:32 Padded Archer Armor
19:30 Wheelbarrow
19:56 Wheelbarrow
23:41 Castle Age
22:56 Forging
22:41 Gold Mining
23:44 Elite Skirmisher
23:45 Long Swordsman
24:57 Chain Mail Armor
25:06 Crossbowman
27:40 Pikeman
28:20 Squires
28:39 Squires
32:51 Stone Mining
40:33 Bodkin Arrow
41:08 Horse Collar
43:20 Heavy Plow
44:37 Hand Cart
48:04 Imperial Age
47:40 Bow Saw
48:18 Leather Archer Armor
49:09 Conscription
49:11 Bracer
50:57 Chemistry
50:03 Town Watch
52:38 Masonry
52:19 Halberdier
54:11 Ring Archer Armor
54:19 Perfusion
57:07 Two-Man Saw
56:15 Town Patrol
56:54 Stone Shaft Mining
Connection lost

Rejoining the realm…

Still unreachable

The connection could not be restored.

Session expired

The server has moved on; the page needs a fresh start.